 Dungeon Crawl Stone Soup version 0.26-a0-572-g753d7e3450 (webtiles) character file.

Game seed: 3853895736696332111

1120 ANON1729 the Covert (level 8, -1/74 HPs)
             Began as a Deep Dwarf Delver on Aug 21, 2020.
             Killed from afar by Maggie (31 damage)
             ... with a bolt of fire
             ... on level 6 of the Dungeon.
             The game lasted 00:10:40 (5241 turns).

ANON1729 the Covert (Deep Dwarf Delver)             Turns: 5241, Time: 00:10:41

Health: -1/74      AC:  9    Str: 15 (18) XL:     8   Next: 12%
Magic:  6/6        EV:  8    Int:  9 (11) God:
Gold:   245        SH:  0    Dex: 12 (14) Spells: 7/7 levels left

rFire    . . .     SeeInvis .   a - +0 mace
rCold    . . .     Faith    .   (no shield)
rNeg     . . .     Spirit   .   r - +0 chain mail
rPois    .         Reflect  .   (no helmet)
rElec    .         Harm     .   (no cloak)
rCorr    .                      q - +0 pair of gloves
MR       +....                  (no boots)
Stlth    +.........             (no amulet)
HPRegen  0.00/turn              (no ring)
MPRegen  0.10/turn              (no ring)

@: non-regenerating, hasted, very quick
A: damage resistance, heal wounds, sense surroundings 1, no regeneration
a: Heal Wounds


You were on level 6 of the Dungeon.
You visited 1 branch of the dungeon, and saw 6 of its levels.

You collected 245 gold pieces.

Inventory:

Hand Weapons
 a - a +0 mace (weapon)
Armour
 b - a +0 leather armour
 i - a scarf of harm
 q - a +0 pair of gloves (worn)
 r - a +0 chain mail (worn)
Jewellery
 t - an uncursed ring of fire {unknown}
Wands
 g - a wand of digging (3)
Scrolls
 c - a scroll of fog
 d - 3 scrolls of magic mapping
 f - 2 scrolls of noise {unknown}
 h - 5 scrolls of identify {unknown}
 k - 4 scrolls of amnesia {unknown}
 s - a scroll of blinking {unknown}
 u - a scroll of remove curse {unknown}
 w - a scroll of immolation {unknown}
 x - a scroll of teleportation {unknown}
Potions
 e - a potion of stabbing {unknown}
 j - a potion of flight {unknown}
 p - a potion of cancellation {unknown}
 v - 2 potions of curing


   Skills:
 + Level 5.1 Fighting
 + Level 5.1 Maces & Flails
 + Level 5.6 Dodging
 + Level 8.7 Stealth


You had 7 spell levels left.
You didn't know any spells.
Your spell library contained the following spells:

 Spells                   Type           Power        Failure   Level
 Confusing Touch          Hex            #.......     100%        3
 Gell's Gravitas          Tloc           #.........   100%        3
 Petrify                  Tmut/Erth      #.......     100%        4
 Metabolic Englaciation   Hex/Ice        #.........   100%        5
 Yara's Violent Unravell  Hex/Tmut       #.........   100%        5


Dungeon Overview and Level Annotations

Branches:
Dungeon (6/15)
 Temple: D:4-7

Altars:
Dithmenos
Fedhas
Gozag
Sif Muna
Wu Jian
Yredelemnul

Shops:
D:5 (

Annotations:
D:2 Sigmund
D:3 2 runed translucent doors, Vruhakk's ghost, weakling GrFi
D:4 1 runed translucent door, Crazy Yiuf
D:6 Maggie


Innate Abilities, Weirdness & Mutations

You are resistant to damage.
You can heal yourself by infusing magical energy.
You passively map a small area around you.
You do not regenerate.


Message History

The black bear claws you but does no damage.
You break out of your daze.
The black bear bites you. The black bear claws you.
The black bear claws you but does no damage.
Maggie zaps a wand.
You resist with almost no effort.
The black bear bites you but does no damage.
The black bear claws you but does no damage. x2
Maggie gestures wildly while chanting.
Maggie attempts to bespell you! You resist. The black bear bites you.
The black bear claws you but does no damage. x2
You can move again.
Unknown command.
You are too injured to fight recklessly!
You are too injured to fight recklessly!
You are too injured to fight recklessly!
You hit the black bear.
The black bear is severely wounded.
Maggie casts a spell at you. The bolt of fire hits you!!
You die...

#.......## ###.........# #...
#........### ##...........####..
#..........###..................
#........#...###..........#####.
#.......####...##.........# #.
#.......# ###....#.......# #.
#......## ##.###....#..#### ##
#......# #....##...#### *#.
#.....## #...h@.....# #..
####..# #.........#..# .... ####
#........@..#..# ....
*#..............# ....
.............#... ..##
.............# ..
..............# ..............#*
*


You could see Maggie and a black bear (berserk).

Vanquished Creatures
  Eustachio (D:3)
  Menkaure (D:3)
  An orc warrior (D:6)
  A sky beast (D:5)
  A bullfrog (D:6)
  2 scorpions
  2 howler monkeys (D:4)
  A bullfrog zombie (D:6)
  A centaur skeleton (D:5)
  An orc priest (D:3)
  4 hounds
  2 worker ants
  A howler monkey skeleton (D:4)
  7 adders
  An adder zombie (D:6)
  4 worms
  A dart slug (D:3)
  7 leopard geckos
  18 orcs
  5 bats
  3 giant cockroaches
  8 hobgoblins
  2 jackals (D:2)
  7 kobolds
  A quokka (D:4)
  5 frilled lizards
  7 goblins
  A leopard gecko skeleton (D:6)
  10 rats
106 creatures vanquished.

Vanquished Creatures (others)
  A bat (D:2)
  A hobgoblin (D:2)
  A plant (D:3)
3 creatures vanquished.

Grand Total: 109 creatures vanquished

Notes
Turn   | Place    | Note
-------+----------+-------------------------------------------
     0 | D:5      | ANON1729 the Deep Dwarf Delver began the quest for the Orb.
     0 | D:5      | Reached XP level 1. HP: 20/20 MP: 1/1
    19 | D:5      | Noticed a hound
    71 | D:5      | Noticed an orc priest
   106 | D:4      | Noticed a hound
   122 | D:4      | Killed a hound
   122 | D:4      | Reached XP level 2. HP: 19/28 MP: 2/2
   123 | D:4      | Reached XP level 3. HP: 21/34 MP: 3/3
   487 | D:3      | Found a blossoming altar of Fedhas.
   731 | D:3      | Found a large runed translucent door.
   731 | D:3      | Found a large runed translucent door.
   732 | D:3      | Noticed Vruhakk's ghost (weakling GrFi)
  1286 | D:3      | Found a shadowy altar of Dithmenos.
  1297 | D:3      | Found a shimmering blue altar of Sif Muna.
  1387 | D:4      | Noticed Eustachio
  1396 | D:4      | You fall into a shaft and drop 1 floor!
  1524 | D:2      | Reached XP level 4. HP: 32/42 MP: 4/4
  1837 | D:2      | Found an ornate altar of the Wu Jian Council.
  2218 | D:2      | Noticed Sigmund
  2230 | D:2      | Found an opulent altar of Gozag.
  2525 | D:1      | Reached XP level 5. HP: 35/49 MP: 5/5
  3425 | D:4      | Noticed Menkaure
  3458 | D:3      | Killed Menkaure
  3458 | D:3      | Reached skill level 7 in Stealth
  3458 | D:3      | Reached XP level 6. HP: 29/57 MP: 6/6
  3578 | D:3      | Killed Eustachio
  3578 | D:3      | Reached skill level 8 in Stealth
  3578 | D:3      | Reached XP level 7. HP: 53/66 MP: 6/6
  3798 | D:4      | Found a runed translucent door.
  3799 | D:4      | Noticed Crazy Yiuf
  3901 | D:4      | Found a basalt altar of Yredelemnul.
  4283 | D:5      | Reached skill level 5 in Dodging
  4528 | D:5      | Found Katus's Antique Weapon Emporium.
  4976 | D:6      | Reached skill level 5 in Fighting
  4976 | D:6      | Reached skill level 5 in Maces & Flails
  4976 | D:6      | Reached XP level 8. HP: 23/74 MP: 7/7
  5223 | D:6      | Noticed Maggie
  5235 | D:6      | Paralysed by Maggie for 5 turns
  5241 | D:6      | Killed from afar by Maggie

Illustrated notes

Levels and vault maps discovered:
D:1:      psy_arrival_radial01, layout_basic
D:2:      layout_basic, lemuel_doored_altar, grunt_gozag_statues,
          chequers_garden, lemuel_old_faithful, uniq_sigmund
D:3:      layout_basic, amethyst_overflow_temple_binary,
          ebering_ghost_disaster_area, fedhas_ov_isle_minmay
D:4:      layout_cave_pools, lemuel_coloured_pillars_altar, uniq_eustachio,
          uniq_crazy_yiuf_cottage, uniq_menkaure
D:5:      layout_gridville, serial_shops, nicolae_shop_behind_doors
D:6:      layout_cave_pods, temple_hall, kennysheep_generic_room_13, uniq_maggie

Skill      XL: |  1  2  3  4  5  6  7 |
---------------+----------------------+-----
Fighting       | 3 4 5 |  5.1
Dodging        | 3 4 5 |  5.6
Maces & Flails | 3 4 5 |  5.1
Stealth        | 7 8 |  8.7

Action                   |  1- 3 |  4- 6 |  7- 9 || total
-------------------------+-------+-------+-------++-------
Melee: Mace              |   112 |   262 |   190 ||   564
 Abil: Heal Wounds       |     3 |     5 |     6 ||    14
  Use: Potion            |     2 |       |     6 ||     8
       Scroll            |       |       |     1 ||     1
 Stab: Sleeping          |     6 |    10 |       ||    16
Armor: Leather armour    |    20 |    31 |       ||    51
       Chain mail        |       |    93 |   115 ||   208
Dodge: Dodged            |    81 |   203 |   114 ||   398

Table legend: (Time is in decaauts)
 A = Elapsed time spent in this place.
 B = Non-inter-level travel time spent in this place.
 C = Inter-level travel time spent in this place.
 D = Time resting spent in this place.
 E = Time spent auto-exploring this place.
 F = Levels seen in this place.
 G = Mean time per level.
                   A        B        C        D        E       F      G
               +--------+--------+--------+--------+--------+-----+--------+
         Total |   5365 |   4912 |    453 |    232 |   3245 |   6 |  894.2 |
       Dungeon |   5365 |   4912 |    453 |    232 |   3245 |   6 |  894.2 |
               +--------+--------+--------+--------+--------+-----+--------+

Top non-repeatable levels by time:
     D:3: 1490 daAuts
     D:2: 981 daAuts
     D:1: 934 daAuts
     D:5: 812 daAuts
     D:4: 603 daAuts
     D:6: 542 daAuts
